 Dungeon Crawl Stone Soup version 0.17-a0-1718-g72dbe4d (webtiles) character file.

3102 karlkraus the Blocker (level 9, -1/79 HPs)
             Began as a Minotaur Fighter on Aug 24, 2015.
             Slain by a yak (11 damage)
             ... on level 8 of the Dungeon.
             The game lasted 00:13:38 (5640 turns).

karlkraus the Blocker (Minotaur Fighter)            Turns: 5640, Time: 00:13:38

Health: -1/79      AC: 22    Str: 24    XL:     9   Next: 59%
Magic:  8/8        EV: 11    Int:  5    God:
Gold:   63         SH: 12    Dex: 13    Spells: 0 memorised, 8 levels left

rFire  + + .     SeeInvis .     y - +2 flail (protect)
rCold  x . .     Clarity  .     z - +1 fire dragon armour
rNeg   . . .     SustAt   .     c - +0 shield
rPois  .         Gourm    +     (helmet restricted)
rElec  .         Spirit   .     D - +0 cloak
rCorr  .         Warding  .     G - +2 pair of gloves {Str+3}
rMut   .         Stasis   .     H - +0 pair of boots
MR     .....                    v - amulet of the gourmand
Stlth  ..........               (no ring)
                                (no ring)

@: not resistant to hostile enchantments, extremely unstealthy
A: retaliatory headbutt, horns 2, wild magic 1
a: no special abilities


You were on level 8 of the Dungeon.
You were very hungry.

You visited 1 branch of the dungeon, and saw 9 of its levels.

You collected 391 gold pieces.
You spent 328 gold pieces at shops.

Inventory:

Hand weapons
 m - a +0 mace of protection
 y - a +2 flail of protection (weapon)
Armour
 c - a +0 shield (worn)
 z - a +1 fire dragon armour (worn)
 D - a +0 cloak (worn)
 G - a +2 pair of gloves of strength (worn)
 H - a +0 pair of boots (worn)
Jewellery
 q - an uncursed amulet of resist corrosion
 v - an amulet of the gourmand (around neck)
 J - an uncursed ring of protection from fire {unknown}
Magical devices
 x - a wand of random effects (30)
 I - a wand of disintegration (10)
Scrolls
 a - a scroll of teleportation
 g - 2 scrolls of fear
 j - 2 scrolls of enchant armour
 k - 2 scrolls of enchant weapon
 l - a scroll of recharging
 n - a scroll of magic mapping
 t - a scroll of remove curse
 u - a scroll of identify
 B - a scroll of vulnerability {unknown}
Potions
 b - a potion of invisibility
 d - 4 potions of might
 f - 3 potions of haste
 h - 3 potions of heal wounds
 i - 2 potions of magic
 o - a potion of degeneration {unknown}
 r - 4 potions of curing
 w - 3 potions of brilliance {unknown}
 A - a potion of flight {unknown}
 E - 2 potions of lignification {unknown}
 F - a potion of resistance {unknown}
Comestibles
 e - 8 bread rations
 p - 5 meat rations
 s - 3 beef jerkies
 C - a slice of pizza


   Skills:
 + Level 7.2 Fighting
 + Level 8.4 Maces & Flails
 + Level 7.8 Armour
 + Level 5.7 Dodging
 + Level 1.0 Stealth
 + Level 8.8 Shields


You had 8 spell levels left.
You didn't know any spells.

Dungeon Overview and Level Annotations

Branches:
Dungeon (9/15)             Temple (0/1) D:6
   Lair: D:8-11         Orc: D:9-12

Altars:
Elyvilon
Xom

Shops:
D:5 [   D:7 (!=


Innate Abilities, Weirdness & Mutations

You reflexively headbutt those who attack you in melee.
You have a pair of horns on your head.
Your spells are a little harder to cast, but a little more powerful.


Message History

The yak gores you but does no damage. The orc barely misses you.
You block the yak's attack.
You see here an enchanted dagger.
You closely miss the orc. You headbutt the orc.
You kill the orc!
The yak gores you but does no damage. x2
You hit the yak.
The yak is severely wounded.
The yak gores you but does no damage. You block the yak's attack.
The yak closely misses you.
You sock the yak!
You kill the yak!
The yak closely misses you. You block the yak's attack.
There is a stone staircase leading down, spattered with blood here.
You see here a yak corpse.
You hit the yak.
The yak is lightly wounded.
The yak gores you!
You die...

....................#.###........
...#########.....[....# #........
...#..........#..[[..(###........
...#.............[)(.........##..
...#.............[[..........##..
.............................##..
.......###.......................
................)####............
................@Y...............
.###........#.##.#######.........
...........)#..................).
....#.#........)....####.#...#.#.
....#.#....##................#.##
....#......##..####..............
..................'..............
............?....##..............
.................##..............


You could see a yak.

Vanquished Creatures
  2 yaks
  A hippogriff (D:7)
  A water moccasin (D:8)
  2 orc warriors
  2 ice beasts
  A sky beast (D:6)
  5 ogres
  A phantom (D:4)
  2 centaurs
  A giant frog (D:7)
  A gnoll sergeant (D:6)
  A wyvern skeleton (D:6)
  2 scorpions
  4 wights (D:8)
  A crimson imp (D:6)
  A jelly (D:8)
  4 orc priests
  Ijyb (D:3)
  2 orc wizards
  4 hounds
  A giant frog skeleton (D:4)
  4 iguanas
  7 worker ants
  10 adders
  8 gnolls
  A shadow imp (D:8)
  2 adder zombies (D:7)
  3 oozes
  An adder skeleton (D:5)
  15 orcs
  A ball python (D:1)
  6 giant cockroaches
  15 goblins
  6 hobgoblins
  15 jackals
  8 kobolds
  A ball python skeleton (D:4)
  4 bats
  2 giant geckos
  2 giant gecko skeletons
  4 giant newts
  2 quokkas
  7 rats
164 creatures vanquished.

Notes
Turn   | Place    | Note
--------------------------------------------------------------
     0 | D:1      | karlkraus the Minotaur Fighter began the quest for the Orb.
     0 | D:1      | Reached XP level 1. HP: 19/19 MP: 0/0
    80 | D:1      | Reached XP level 2. HP: 22/27 MP: 1/1
   105 | D:1      | Reached skill level 4 in Fighting
   186 | D:1      | Found a shimmering altar of Xom.
   385 | D:1      | Reached XP level 3. HP: 33/33 MP: 2/2
   796 | D:2      | Reached skill level 1 in Dodging
  1088 | D:3      | Reached XP level 4. HP: 38/40 MP: 3/3
  1238 | D:3      | Noticed Ijyb
  1254 | D:3      | Killed Ijyb
  1844 | D:4      | Reached XP level 5. HP: 38/47 MP: 4/4
  1996 | D:4      | Noticed a phantom
  2003 | D:4      | Reached skill level 5 in Shields
  2038 | D:4      | Killed a phantom
  2038 | D:4      | Reached XP level 6. HP: 25/53 MP: 5/5
  2136 | D:4      | Found a white marble altar of Elyvilon.
  2311 | D:4      | Noticed an ogre
  2317 | D:4      | Killed an ogre
  2317 | D:4      | Reached skill level 5 in Armour
  2607 | D:4      | Noticed an ogre
  2614 | D:4      | Killed an ogre
  2614 | D:4      | Reached XP level 7. HP: 33/60 MP: 6/6
  2724 | D:4      | Reached skill level 5 in Fighting
  2724 | D:4      | Reached skill level 6 in Shields
  2907 | D:5      | Entered Level 5 of the Dungeon
  3055 | D:5      | Reached skill level 5 in Maces & Flails
  3103 | D:5      | Found Icsite's Armour Emporium.
  3375 | D:5      | Reached XP level 8. HP: 49/69 MP: 7/7
  3552 | D:6      | Found a staircase to the Ecumenical Temple.
  3570 | D:6      | Reached skill level 7 in Shields
  4552 | D:5      | Bought a +2 pair of gloves of strength for 258 gold pieces
  4651 | D:7      | Found Qyoneomu's Distillery.
  4658 | D:7      | Bought a potion of heal wounds for 70 gold pieces
  4678 | D:7      | Gained mutation: Your spells are a little harder to cast, but a little more powerful. [potion of beneficial mutation]
  4691 | D:7      | Found Kedudeto's Jewellery Shoppe.
  4909 | D:7      | Found Doneptia's Antique Weapon Shop.
  4959 | D:7      | Reached XP level 9. HP: 74/78 MP: 8/8
  5004 | D:7      | Reached skill level 5 in Dodging
  5004 | D:7      | Reached skill level 8 in Shields
  5204 | D:8      | Reached skill level 1 in Stealth
  5640 | D:8      | Slain by a yak

Vault maps used:
D:1:      matt_arrival_los_fun, xom_teletrap_fun
D:3:      kennysheep_the_goblin_king, first_bread
D:4:      elyvilon_altar_5
D:5:      serial_shops, shop
D:6:      minmay_temple_entry_fiery, corexii_corridor_pit
D:7:      serial_shops, nicolae_shop_behind_doors, nicolae_shop_stone,
          nicolae_shop_window_shopping
D:9:      orc_0_dummy, serial_shops, shop, nicolae_shop_window_shopping,
          nicolae_shop_competitors_out_of_business, shop, shop_fountains

Action                   |  1- 3 |  4- 6 |  7- 9 || total
-------------------------+-------+-------+-------++-------
Melee: Flail             |   109 |   161 |   335 ||   605
  Use: Scroll            |       |       |    16 ||    16
       Potion            |       |       |     3 ||     3
  Eat: Chunk             |       |    13 |     3 ||    16
